 Dungeon Crawl Stone Soup version 0.27-a0-1196-g3e9cee4cb2 (webtiles) character file.

Game seed: 16223305557006207621

4119 gkniet the Cleaver (level 10, -4/90 HPs)
             Began as a Deep Dwarf Fighter on May 29, 2021.
             Was an Initiate of Makhleb.
             Slain by a redback (10 damage)
             ... on level 7 of the Dungeon.
             The game lasted 00:46:10 (5550 turns).

gkniet the Cleaver (Deep Dwarf Fighter)             Turns: 5550, Time: 00:46:10

Health: -4/90      AC: 11    Str: 23    XL:     10   Next: 6%
Magic:  2/2        EV: 11    Int:  9    God:    Makhleb [......]
Gold:   339        SH: 12    Dex: 16    Spells: 9/9 levels left

rFire    + + +     SeeInvis .   a - +1 war axe
rCold    + . .     Faith    .   c - +0 kite shield
rNeg     . . .     Spirit   .   b - +0 scale mail
rPois    +         Reflect  .   C - +0 helmet
rElec    +         Harm     .   o - +1 cloak
rCorr    +         Rampage  .   (no gloves)
Will     +....                  (no boots)
Stlth    +.........             l - amulet of the acrobat
HPRegen  0.00/turn              p - ring "Adagrysa" {rF+ Dex+4}
MPRegen  0.08/turn              D - ring of protection from fire

@: lethally poisoned (-4 -> -8), resistant
A: damage resistance, heal wounds, sense surroundings 2, no regeneration
a: Heal Wounds, Renounce Religion


You were on level 7 of the Dungeon.
You worshipped Makhleb.
Makhleb was noncommittal.
You visited 2 branches of the dungeon, and saw 8 of its levels.

You collected 339 gold pieces.

Inventory:

Hand Weapons
 a - a +1 war axe (weapon)
 n - a +4 quarterstaff of chaos
 u - a +2 halberd of venom
Missiles
 y - a throwing net
Armour
 b - a +0 scale mail (worn)
 c - a +0 kite shield (worn)
 i - a +0 leather armour
 k - a +1 robe of willpower
 o - a +1 cloak (worn)
 C - a +0 helmet (worn)
Magical Staves
 e - a staff of cold
Jewellery
 l - an amulet of the acrobat (around neck)
 p - the ring "Adagrysa" (left hand) {rF+ Dex+4}
   (You found it on level 5 of the Dungeon)

   [ring of protection from fire]

   It affects your dexterity (+4).
   It protects you from fire.
 r - an amulet of the acrobat
 D - a ring of protection from fire (right hand)
 G - a ring of positive energy
 H - a ring of protection from fire
Wands
 j - a wand of flame (46)
 s - a wand of iceblast (8)
 w - a wand of polymorph (4)
Scrolls
 f - 3 scrolls of teleportation
 g - a scroll of fear
 h - 3 scrolls of identify
 m - 2 scrolls of noise
 t - a scroll of magic mapping
 v - a scroll of immolation
 A - a scroll of amnesia
 B - a scroll of enchant armour
 E - a scroll of enchant weapon
Potions
 d - 2 potions of might
 q - 4 potions of curing
 x - a potion of heal wounds
 z - a potion of haste
 F - a potion of berserk rage {unknown}
 I - a potion of attraction


   Skills:
 + Level 5.6 Fighting
 + Level 9.9 Axes
 + Level 7.2 Armour
 + Level 4.3 Dodging
 + Level 3.2 Stealth
 + Level 8.1 Shields
 + Level 0.1 Evocations


You had 9 spell levels left.
You didn't know any spells.
Your spell library contained the following spells:

 Spells                   Type           Power      Damage    Failure   Level
 Animate Skeleton         Necr           0%         N/A       92%         1
 Apportation              Tloc           0%         N/A       92%         1
 Beastly Appendage        Tmut           0%         N/A       92%         1
 Corona                   Hex            0%         N/A       92%         1
 Sting                    Tmut/Pois      0%         1d3       92%         1
 Summon Small Mammal      Summ           0%         N/A       92%         1
 Poisonous Vapours        Pois/Air       0%         N/A       98%         2
 Wereblood                Tmut           0%         N/A       98%         2
 Ignite Poison            Fire/Tmut/Pois 0%         N/A       100%        3
 Mephitic Cloud           Conj/Pois/Air  0%         N/A       100%        3
 Spider Form              Tmut/Pois      0%         N/A       100%        3
 Ice Form                 Ice/Tmut       0%         N/A       100%        4
 Olgreb's Toxic Radiance  Pois           0%         N/A       100%        4
 Hydra Form               Tmut           0%         N/A       100%        5


Dungeon Overview and Level Annotations

Branches:
Dungeon (7/15)             Temple (1/1) D:7

Altars:
Ashenzari
Cheibriados
Dithmenos
Elyvilon
Fedhas
Gozag
Hepliaklqana
Kikubaaqudgha
Makhleb
Nemelex Xobeh
Okawaru
Qazlal
Ru
Sif Muna
Trog
Uskayaw
Vehumet
Wu Jian
Xom
The Shining One

Shops:
D:2 (   D:6 =**?

Annotations:
D:7 2 runed translucent doors


Innate Abilities, Weirdness & Mutations

You are resistant to damage.
You can heal yourself by infusing magical energy.
You passively map the area around you.
You do not regenerate.


Message History

You completely miss the redback.
The redback is almost dead.
You miss the water moccasin. You closely miss the redback.
The redback barely misses you. You block the water moccasin's attack.
The redback bites you.
The redback bites you but does no damage.
The water moccasin barely misses you. The redback closely misses you.
Your scale mail prevents you from hitting the redback.
The redback is almost dead.
You completely miss the redback. You hit the water moccasin.
The redback bites you.
The water moccasin bites you but does no damage.
You block the redback's attack. The redback barely misses you.
You hit the redback.
You kill the redback!
Makhleb accepts your kill.
Your shield and scale mail prevent you from hitting the water moccasin.
You closely miss the redback. You block the water moccasin's attack.
The redback bites you.
You are poisoned.
The redback poisons you!
The water moccasin bites you but does no damage.
You hit the water moccasin but do no damage.
The water moccasin is moderately wounded.
You hit the redback.
* * * LOW HITPOINT WARNING * * *
You feel extremely sick.
A centaur comes into view.
You block the water moccasin's attack. You block the redback's attack.
The redback closely misses you.
You slash the redback!
The redback is severely wounded.
You barely miss the redback. You closely miss the water moccasin.
You feel extremely sick.
The redback bites you but does no damage.
The water moccasin bites you!
* * * LOW HITPOINT WARNING * * *
The redback barely misses you. You block the water moccasin's attack.
The redback bites you!
You die...

, ... , #...##....†##......
* #.# *#.yy..##.)#).#......
#.. ##..yyy.y##..#........
#..
.##+##yyy##+##..........
*.#...#####...#...#...(.. ,
#....#$#....#...#......
**,.#....#$#S...#..........
* c#...sssSS...#..########
,, * ,,#@#S.S##..#
#.#S###...#
*...###.###.....#
#............##
####.......### #########


You could see 2 water moccasins, 3 redbacks, a centaur, 8 killer bees and an
adder.

Vanquished Creatures
  An ugly thing (D:7)
  A kobold demonologist (D:6)
  Grinder (D:6)
  Prince Ribbit (D:5)
  Sigmund (D:4)
  3 redbacks (D:7)
  A water moccasin (D:7)
  A hornet zombie (D:6)
  2 ice beasts (D:6)
  An ogre (D:6)
  5 sky beasts
  A necrophage (D:4)
  2 centaurs
  A kobold brigand (D:7)
  A bullfrog (D:7)
  5 scorpions
  A wyvern zombie (D:6)
  A water moccasin zombie (D:6)
  2 howler monkeys (D:6)
  2 centaur zombies
  3 hounds
  Crazy Yiuf (D:4)
  3 iguanas
  6 orc wizards
  A scorpion zombie (D:5)
  A killer bee zombie (D:7)
  A hound skeleton (D:4)
  3 gnolls (D:6)
  4 adders
  2 white imps
  An ufetubus (D:4)
  3 worms
  2 dart slugs
  19 orcs
  3 endoplasms
  5 giant cockroaches
  8 goblins
  11 hobgoblins
  8 jackals
  3 quokkas
  5 ball pythons
  4 bats
  5 frilled lizards
  13 kobolds
  4 rats
153 creatures vanquished.

Notes
Turn   | Place    | Note
-------+----------+-------------------------------------------
     0 | D:1      | gkniet the Deep Dwarf Fighter began the quest for the Orb.
     0 | D:1      | Reached XP level 1. HP: 20/20 MP: 1/1
   156 | D:1      | Reached XP level 2. HP: 16/27 MP: 2/2
   941 | D:2      | Found Qulaw's Antique Weapon Boutique.
  1073 | D:2      | Reached XP level 3. HP: 9/34 MP: 2/2
  1176 | D:2      | Found a faded altar of an unknown god.
  1348 | D:2      | You fall into a shaft and drop 2 floors!
  1349 | D:4      | Noticed a necrophage
  1364 | D:4      | Killed a necrophage
  1365 | D:4      | Reached skill level 3 in Axes
  1365 | D:4      | Reached skill level 1 in Dodging
  1365 | D:4      | Reached XP level 4. HP: 37/42 MP: 3/3
  1381 | D:3      | Reached XP level 5. HP: 43/49 MP: 4/4
  1408 | D:3      | Noticed a sky beast
  1467 | D:3      | Killed a sky beast
  1468 | D:3      | Reached skill level 4 in Axes
  1579 | D:3      | Found a shimmering altar of Xom.
  1662 | D:3      | Found a broken altar of Ashenzari.
  1940 | D:4      | Reached XP level 6. HP: 45/56 MP: 5/5
  2045 | D:4      | Noticed Sigmund
  2060 | D:4      | Killed Sigmund
  2061 | D:4      | Reached skill level 5 in Axes
  2061 | D:4      | Reached skill level 5 in Shields
  2534 | D:4      | Found a glowing golden altar of the Shining One.
  2661 | D:4      | Found a runed translucent door.
  2662 | D:4      | Noticed Crazy Yiuf
  2669 | D:4      | Killed Crazy Yiuf
  2670 | D:4      | Reached XP level 7. HP: 63/63 MP: 6/6
  2750 | D:4      | Found a snail-covered altar of Cheibriados.
  2933 | D:5      | Entered Level 5 of the Dungeon
  3122 | D:5      | Found a sacrificial altar of Ru.
  3139 | D:5      | Reached skill level 1 in Stealth
  3160 | D:5      | Identified the ring "Adagrysa" {rF+ Dex+4}
  3518 | D:5      | Noticed Prince Ribbit
  3573 | D:5      | Killed Prince Ribbit
  3574 | D:5      | Reached skill level 6 in Axes
  3574 | D:5      | Reached skill level 5 in Armour
  3812 | D:6      | Reached XP level 8. HP: 22/72 MP: 6/6
  3866 | D:6      | Found a radiant altar of Vehumet.
  3946 | D:6      | Noticed a kobold demonologist
  3953 | D:6      | Noticed a rust devil
  3964 | D:6      | Noticed a soul eater
  3968 | D:6      | Killed a kobold demonologist
  3981 | D:6      | Found Duffy's Magic Scroll Shop.
  3992 | D:6      | Reached skill level 7 in Axes
  4036 | D:6      | Found Reseadodd's Jewellery Shop.
  4038 | D:6      | Noticed Grinder
  4072 | D:6      | Killed Grinder
  4073 | D:6      | Gained mutation: You passively map the area around you.
                  | [Deep Dwarf growth]
  4073 | D:6      | Reached XP level 9. HP: 40/79 MP: 4/4
  4135 | D:6      | Found Ynoer's Assorted Antiques.
  4161 | D:6      | Found Anofeos's General Store.
  4500 | D:6      | Identified the +1 robe of the Wheelwright {rPois}
  4674 | D:6      | Reached skill level 8 in Axes
  4891 | D:7      | Found a shadowy altar of Dithmenos.
  4900 | D:7      | Reached skill level 5 in Fighting
  4983 | D:7      | Found a staircase to the Ecumenical Temple.
  5049 | Temple   | Entered the Ecumenical Temple
  5311 | D:7      | Found a large runed translucent door.
  5311 | D:7      | Found a large runed translucent door.
  5385 | D:7      | Found a burning altar of Makhleb.
  5394 | D:7      | Became a worshipper of Makhleb the Destroyer
  5400 | D:7      | Found a hide-covered altar of Uskayaw.
  5464 | D:7      | Found the +9 staff of Olgreb {rPois∞}
  5467 | D:7      | Noticed a cyan ugly thing
  5478 | D:7      | HP: 1/81 [cyan ugly thing (15)]
  5483 | D:7      | Reached skill level 9 in Axes
  5496 | D:7      | Killed a cyan ugly thing
  5501 | D:7      | Found a runed translucent gate.
  5521 | D:7      | Found a runed translucent door.
  5525 | D:7      | Found a runed translucent gate.
  5534 | D:7      | Found a runed translucent gate.
  5536 | D:7      | Found a runed translucent door.
  5544 | D:7      | Reached XP level 10. HP: 47/88 MP: 2/2
  5550 | D:7      | Slain by a redback

Illustrated notes

Levels and vault maps discovered:
D:1:      lemuel_arrival_broad_hall, layout_basic
D:2:      layout_rooms, basic_ecumenical_altar, serial_shops, shop_statue
D:3:      layout_rooms, nicolae_overflow_crystal_walls, tgw_xom,
          grunt_ministairs_6
D:4:      layout_gridville, kennysheep_mini_moat, kennysheep_little_box,
          minmay_surrounded, uniq_sigmund, uniq_crazy_yiuf_cottage
D:5:      layout_basic, nicolae_ru_great_annihilating_truth, uniq_prince_ribbit1
D:6:      layout_basic, lemuel_crystal_altar, serial_shops,
          nicolae_shop_temple_entry_statues_fountains,
          nicolae_shop_behind_doors, shop, nicolae_shop_crystal,
          lightli_orcish_oven, uniq_grinder
D:7:      layout_rooms, nicolae_dithmenos_the_darkroom, jmf_multi_god_temple2,
          minmay_temple_entry_arrows, minmay_guarded_unrand_staff_of_olgreb
Temple:   jpeg_temple_clearing

Skill      XL: |  1  2  3  4  5  6  7  8  9 |
---------------+----------------------------+-----
Fighting       | 3 4 5 |  5.6
Axes           | 3 4 5 6 7 9 |  9.9
Armour         | 4 5 6 7 |  7.2
Dodging        | 1 2 3 4 |  4.3
Shields        | 4 5 7 8 |  8.1
Stealth        | 2 3 |  3.2
Evocations     | |  0.1

Action                   |  1- 3 |  4- 6 |  7- 9 | 10-12 || total
-------------------------+-------+-------+-------+-------++-------
Melee: War axe           |   115 |   133 |   335 |     7 ||   590
 Abil: Heal Wounds       |     2 |     3 |    22 |       ||    27
Evoke: Wand              |       |       |     1 |       ||     1
  Use: Scroll            |     4 |     3 |     3 |       ||    10
       Potion            |     2 |     3 |     4 |       ||     9
 Stab: Paralysed         |       |       |     2 |       ||     2
Armor: Scale mail        |    64 |    58 |   132 |     5 ||   259
Dodge: Dodged            |    35 |    38 |   140 |     9 ||   222
Block: Kite shield       |    69 |    71 |   238 |    11 ||   389

Table legend: (Time is in decaauts)
 A = Elapsed time spent in this place.
 B = Non-inter-level travel time spent in this place.
 C = Inter-level travel time spent in this place.
 D = Time resting spent in this place.
 E = Time spent auto-exploring this place.
 F = Levels seen in this place.
 G = Mean time per level.
                   A        B        C        D        E       F      G
               +--------+--------+--------+--------+--------+-----+--------+
         Total |   5807 |   3347 |   2460 |      0 |   1752 |   8 |  725.9 |
       Dungeon |   5634 |   3342 |   2292 |      0 |   1752 |   7 |  804.9 |
        Temple |    172 |      4 |    168 |      0 |      0 |   1 |  172.0 |
               +--------+--------+--------+--------+--------+-----+--------+

Top non-repeatable levels by time:
     D:4: 1077 daAuts
     D:6: 1076 daAuts
     D:1: 928 daAuts
     D:5: 893 daAuts
     D:3: 594 daAuts
     D:7: 575 daAuts
     D:2: 488 daAuts
  Temple: 172 daAuts
